 Dungeon Crawl Stone Soup version 0.20.1-1-g8b1a95d (webtiles) character file.

63574 Xerox the Nimble (level 14, -2/77 HPs)
             Began as a Spriggan Air Elementalist on Aug 13, 2017.
             Was a High Priest of Vehumet.
             Slain by a hippogriff (5 damage)
             ... on level 13 of the Dungeon on Oct 26, 2017.
             The game lasted 06:17:01 (46172 turns).

Xerox the Nimble (Spriggan Air Elementalist)       Turns: 46172, Time: 06:17:02

Health: -2/77      AC:  6    Str:  5    XL:     14   Next: 68%
Magic:  30/30      EV: 25    Int: 21    God:    Vehumet [*****.]
Gold:   1687       SH:  7    Dex: 16    Spells: 7/35 levels left

rFire    + + .     SeeInvis +   O - +2 dagger (venom)
rCold    + . .     Gourm    .   B - +0 buckler
rNeg     . . .     Faith    .   e - +0 acid dragon scales
rPois    .         Spirit   .   (helmet restricted)
rElec    .         Reflect  .   M - scarf {rC+ rF+}
rCorr    +         Harm     .   (gloves unavailable)
MR       +++..                  (boots unavailable)
Stlth    +++.......             P - amulet of magic regeneration
Regen    0.3/turn               U - ring of protection from magic
MPRegen  0.4/turn               I - ring of protection from fire

@: very quick
A: unfitting armour, see invisible, herbivore 3, speed 3, slow metabolism 2
a: Renounce Religion


You were on level 13 of the Dungeon.
You worshipped Vehumet.
Vehumet was extremely pleased with you.
You were not hungry.

You visited 4 branches of the dungeon, and saw 22 of its levels.
You also visited: Sewer.

You collected 1777 gold pieces.
You spent 90 gold pieces at shops.

Inventory:

Hand Weapons
 h - a +0 blowgun
 O - a +2 dagger of venom (weapon)
Missiles
 j - 62 poisoned needles
 r - 2 throwing nets (quivered)
 y - 6 curare-tipped needles
Armour
 e - +0 acid dragon scales (worn)
 B - a +0 buckler (worn)
 D - a +0 robe of magic resistance
 L - a +2 robe of cold resistance
 M - a scarf of resistance (worn)
Magical Staves
 Y - an uncursed staff of summoning
Jewellery
 C - an uncursed ring of ice
 I - a ring of protection from fire (right hand)
 N - an uncursed ring of poison resistance
 P - an amulet of magic regeneration (around neck)
 R - an uncursed ring of wizardry
 U - a ring of protection from magic (left hand)
Wands
 i - a wand of flame (30/48)
 l - a wand of random effects (18/48)
 F - a wand of confusion (27/48)
 G - a wand of flame (13/48)
 J - a wand of iceblast (4/15)
 S - a wand of scattershot (7/9)
 W - a wand of lightning (12/15)
Scrolls
 a - 3 scrolls of fear
 d - a scroll of enchant weapon
 f - 10 scrolls of teleportation
 t - 5 scrolls of magic mapping
 x - 4 scrolls of remove curse
 A - 3 scrolls of fog
 Q - a scroll of enchant armour
Potions
 b - a potion of ambrosia {unknown}
 m - 2 potions of resistance
 o - 3 potions of flight
 p - 2 potions of heal wounds
 q - 6 potions of curing
 s - a potion of brilliance
 u - 2 potions of invisibility
 v - 2 potions of agility
 w - 7 potions of lignification
 z - 3 potions of haste
 E - 2 potions of cancellation
 T - 2 potions of might
 Z - a potion of degeneration {unknown}
Books
 k - a book of the Earth

   Spells                             Type                      Level
   a - Leda's Liquefaction            Hexes/Earth                  4
   b - Bolt of Magma                  Conjuration/Fire/Earth       5
   c - Statue Form                    Transmutation/Earth          6
   d - Iron Shot                      Conjuration/Earth            6
   e - Shatter                        Earth                        9
 n - a book of Cantrips

   Spells                             Type                      Level
   a - Confusing Touch                Hexes                        1
   b - Animate Skeleton               Necromancy                   1
   c - Summon Small Mammal            Summoning                    1
   d - Apportation                    Translocation                1
 H - a book of Maledictions

   Spells                             Type                      Level
   a - Corona                         Hexes                        1
   b - Ensorcelled Hibernation        Hexes/Ice                    2
   c - Confuse                        Hexes                        3
   d - Tukima's Dance                 Hexes                        3
   e - Dazzling Spray                 Conjuration/Hexes            3
 K - a book of Necromancy

   Spells                             Type                      Level
   a - Pain                           Necromancy                   1
   b - Animate Skeleton               Necromancy                   1
   c - Vampiric Draining              Necromancy                   3
   d - Regeneration                   Charms/Necromancy            3
   e - Animate Dead                   Necromancy                   4
   f - Control Undead                 Necromancy                   4
Comestibles
 c - 3 bread rations
 g - 11 royal jellies


   Skills:
 + Level 10.5 Fighting
 + Level 14.5 Dodging
 - Level 7.1 Stealth
 - Level 3.4 Shields
 - Level 11.0 Spellcasting
 - Level 8.1 Conjurations
 - Level 6.0 Hexes
 + Level 2.6 Necromancy
 + Level 4.4 Fire Magic
 - Level 10.7 Air Magic
 - Level 4.1 Poison Magic


You had 7 spell levels left.
You knew the following spells:

 Your Spells              Type           Power        Failure   Level  Hunger
a - Shock                 Conj/Air       ####         1%          1    None
b - Airstrike             Air            ######....   1%          4    #......
c - Animate Skeleton      Necr           N/A          6%          1    None
d - Mephitic Cloud        Conj/Pois/Air  #####...     1%          3    None
e - Lightning Bolt        Conj/Air       ######....   2%          5    ####...
f - Summon Small Mammal   Summ           ##..         17%         1    None
g - Ignite Poison         Fire/Tmut/Pois ###.....     4%          3    None
h - Conjure Flame         Conj/Fire      #####...     1%          3    None
i - Ensorcelled Hibernat  Hex/Ice        ###...       8%          2    None
j - Fireball              Conj/Fire      #####.....   10%         5    ####...


Dungeon Overview and Level Annotations

Branches:
Dungeon (13/15)            Temple (1/1) D:5            Lair (6/6) D:9
  Swamp (0/4) Lair:4        Snake (0/4) Lair:4        Slime (0/5) Lair:5
    Orc (2/2) D:11
    Elf: Orc:2       Vaults: D:13-14

Altars:
Ashenzari
Cheibriados
Dithmenos
Elyvilon
Fedhas
Gozag
Hepliaklqana
Kikubaaqudgha
Makhleb
Nemelex Xobeh
Okawaru
Qazlal
Ru
Sif Muna
Trog
Uskayaw
Vehumet
Xom
Yredelemnul
Zin
The Shining One
Beogh

Shops:
D:10 (   Orc:1 *   Orc:2 [?

Annotations:
D:10 Snorg
Lair:2 exclusion: 2 oklob plants
Lair:5 exclusion: 3 oklob plants
Lair:6 ! small demons


Innate Abilities, Weirdness & Mutations

You are very small and have problems with some larger weapons.
You are too small for most types of armour.
You have supernaturally acute eyesight. (SInv)
You are a herbivore.
You cover ground extremely quickly.
You need consume almost no food.


Message History

You block the hippogriff's attack.
The hippogriff barely misses you. x2; You block the hippogriff's attack.
You block the hippogriff's attack. The hippogriff completely misses you.
The hippogriff claws you but does no damage.
The hippogriff misses you.
The hippogriff pecks you but does no damage.
The hippogriff closely misses you. You block the hippogriff's attack.
The hippogriff barely misses you. You block the hippogriff's attack.
The hippogriff closely misses you.
The hippogriff pecks you but does no damage.
The hippogriff completely misses you. The hippogriff misses you.
The hippogriff barely misses you. x2
The hippogriff bites you.
* * * LOW HITPOINT WARNING * * *
The hippogriff misses you. x2
You block the hippogriff's attack.
The hippogriff pecks you but does no damage.
The hippogriff claws you.
You die...

. #.....#.....#
..##+####.....# #
.............#### #.
.................
#.#######........####
#.......'...######
#.......#...#
#.......#####
#..H@.........
#.............
###...........
#...........
#...........
...######... ....#
##. .....#


You could see a hippogriff.

Vanquished Creatures
  Fannar (D:10)
  7 hydras
  11 two-headed ogres
  An ogre mage (Orc:2)
  A wizard (Lair:6)
  2 orc knights (Orc:1)
  Pikel (D:7)
  A cyclops (D:13)
  4 ugly things
  A manticore (D:11)
  7 black mambas
  A centaur zombie (D:11)
  3 gargoyles
  Joseph (D:8)
  A torpor snail (shapeshifter) (D:13)
  12 spiny frogs
  2 torpor snails
  A kobold demonologist (D:13)
  5 komodo dragons
  2 centaur skeletons
  8 rime drakes
  14 trolls
  2 polar bears
  7 hornets
  13 blink frogs
  9 hippogriffs
  6 dream sheep
  12 spriggans (Lair:5)
  2 tarantellas (Orc:1)
  Eustachio (D:5)
  2 redbacks (Orc:1)
  26 yaks
  4 wyverns
  2 hungry ghosts
  A steam dragon (Lair:4)
  5 wargs
  6 swamp worms (Lair:4)
  An acid dragon (D:12)
  11 water moccasins
  11 porcupines
  A hornet zombie (D:11)
  2 necrophages
  20 orc warriors
  4 phantoms
  3 sky beasts
  3 slaves
  2 black bears
  7 ice beasts
  6 wolves (Lair:5)
  30 ogres
  3 boggarts (Lair:5)
  12 centaurs
  14 crocodiles
  4 big kobolds
  Blork the orc (D:5)
  17 bullfrogs
  4 scorpions
  4 killer bees
  3 electric eels
  A howler monkey (D:7)
  4 crimson imps
  2 bullfrog zombies (D:5)
  9 hounds
  A quasit (D:6)
  13 orc priests
  A bullfrog skeleton (D:12)
  15 orc wizards
  A gnoll shaman (D:7)
  5 iguanas
  16 worker ants
  14 adders
  7 gnolls
  3 shadow imps
  An ooze (D:1)
  2 adder skeletons
  A worm (D:2)
  2 dart slugs (D:1)
  4 leopard geckos
  99 orcs
  2 ball pythons
  8 bats
  9 giant cockroaches
  5 goblins
  11 hobgoblins
  17 jackals
  35 kobolds
  5 quokkas
  9 frilled lizards
  A jackal skeleton (D:8)
  A leopard gecko zombie (D:8)
  A quokka zombie (D:8)
  12 rats
  2 plants
667 creatures vanquished.

Vanquished Creatures (collateral kills)
  A fire dragon (D:13)
  5 yaks
  A water moccasin (Lair:3)
  A porcupine (Lair:4)
  A centaur (D:13)
  A bullfrog (Lair:3)
  A bullfrog skeleton (D:9)
  A worker ant zombie (D:9)
  2 worms
  An orc (D:9)
  A goblin (D:3)
  2 jackals (D:8)
  A fungus (Lair:3)
19 creatures vanquished.

Vanquished Creatures (others)
  A spiny frog (Lair:5)
  14 fungi
  19 plants
34 creatures vanquished.

Grand Total: 720 creatures vanquished

Notes
Turn   | Place    | Note
-------+----------+-------------------------------------------
     0 | D:1      | Xerox the Spriggan Air Elementalist began the quest for the Orb.
     0 | D:1      | Reached XP level 1. HP: 9/9 MP: 5/5
   402 | D:1      | Reached XP level 2. HP: 13/13 MP: 2/6
   952 | D:1      | Reached skill level 1 in Conjurations
  1009 | D:1      | Reached XP level 3. HP: 16/16 MP: 3/8
  1570 | D:2      | Found a radiant altar of Vehumet.
  1573 | D:2      | Found a basalt altar of Yredelemnul.
  1574 | D:2      | Found a sparkling altar of Nemelex Xobeh.
  1575 | D:2      | Found a shadowy altar of Dithmenos.
  1575 | D:2      | Found an iron altar of Okawaru.
  1602 | D:2      | Became a worshipper of Vehumet
  2108 | D:2      | Reached XP level 4. HP: 21/21 MP: 5/10
  2644 | D:2      | Learned a level 4 spell: Airstrike
  2796 | D:3      | Reached * piety under Vehumet
  2796 | D:3      | Offered knowledge of Sting by Vehumet.
  3056 | D:3      | Found a glowing drain.
  3081 | Sewer    | Entered a sewer
  3193 | Sewer    | Noticed a big kobold
  3205 | Sewer    | Learned a level 1 spell: Animate Skeleton
  3220 | Sewer    | Killed a big kobold
  3220 | Sewer    | Reached XP level 5. HP: 24/24 MP: 1/13
  3339 | Sewer    | Found a white marble altar of Elyvilon.
  3448 | D:3      | Found a faded altar of an unknown god.
  3599 | D:3      | Reached skill level 5 in Spellcasting
  3781 | D:3      | Reached ** piety under Vehumet
  3781 | D:3      | Offered knowledge of Searing Ray by Vehumet.
  4443 | D:4      | Noticed an ogre
  4639 | D:4      | Reached XP level 6. HP: 28/28 MP: 11/15
  4846 | D:4      | Found a glowing silver altar of Zin.
  4859 | D:4      | Found Zin's Purification Station.
  4868 | D:4      | Bought a potion of curing for 90 gold pieces
  5518 | D:5      | Entered Level 5 of the Dungeon
  5561 | D:4      | Reached skill level 5 in Air Magic
  5697 | D:5      | Noticed an ice beast
  6136 | D:5      | Reached XP level 7. HP: 25/32 MP: 1/17
  6252 | D:5      | Found a burning altar of Makhleb.
  6437 | D:5      | Found a glowing golden altar of the Shining One.
  6573 | D:5      | Noticed Blork the orc
  6706 | D:6      | Found a sacrificial altar of Ru.
  7044 | D:5      | Reached skill level 4 in Dodging
  7198 | D:5      | Found a staircase to the Ecumenical Temple.
  7210 | Temple   | Entered the Ecumenical Temple
  7759 | D:5      | Noticed Eustachio
  7765 | D:5      | Killed Eustachio
  7765 | D:5      | Reached XP level 8. HP: 36/36 MP: 6/19
  7889 | D:5      | Reached skill level 5 in Dodging
  7889 | D:5      | Reached skill level 5 in Stealth
  8027 | D:5      | Killed Blork the orc
  8106 | D:5      | Found a stormy altar of Qazlal.
  8182 | D:5      | Found a sacrificial altar of Ru.
  8792 | D:6      | Reached skill level 1 in Necromancy
  8955 | D:5      | Reached skill level 6 in Dodging
  9285 | D:6      | Reached skill level 1 in Fighting
  9295 | D:6      | Reached skill level 7 in Dodging
  9857 | D:7      | Noticed Pikel
 10100 | D:7      | Reached XP level 9. HP: 42/42 MP: 7/22
 10331 | D:7      | Noticed a two-headed ogre
 11183 | D:7      | Killed a two-headed ogre
 11183 | D:7      | Reached skill level 8 in Dodging
 11703 | D:7      | Offered knowledge of Mephitic Cloud by Vehumet.
 11708 | D:7      | Learned a level 3 spell: Mephitic Cloud
 11716 | D:7      | Learned a level 5 spell: Lightning Bolt
 11757 | D:7      | Killed Pikel
 11757 | D:7      | Reached skill level 9 in Dodging
 11986 | D:7      | Learned a level 1 spell: Summon Small Mammal
 12447 | D:8      | Reached XP level 10. HP: 49/49 MP: 6/24
 12655 | D:8      | Reached *** piety under Vehumet
 13327 | D:8      | Reached skill level 10 in Dodging
 13328 | D:8      | Found an opulent altar of Gozag.
 13658 | D:8      | Noticed Joseph
 13983 | D:8      | Killed Joseph
 13983 | D:8      | Offered knowledge of Ignite Poison by Vehumet.
 13983 | D:8      | Reached skill level 1 in Poison Magic
 14837 | D:8      | Learned a level 3 spell: Ignite Poison
 14997 | D:8      | Reached skill level 10 in Spellcasting
 15483 | D:9      | Noticed a two-headed ogre
 15490 | D:9      | Killed a two-headed ogre
 15712 | D:9      | Reached **** piety under Vehumet
 15767 | D:9      | Offered knowledge of Conjure Flame by Vehumet.
 16013 | D:9      | Reached XP level 11. HP: 54/54 MP: 18/26
 16109 | D:9      | Found a staircase to the Lair.
 16518 | D:10     | Entered Level 10 of the Dungeon
 16616 | D:10     | Found Nerotu's Weapon Shoppe.
 16654 | D:10     | Found an iron altar of Okawaru.
 16693 | D:10     | Learned a level 3 spell: Conjure Flame
 16965 | D:10     | Noticed Snorg
 16992 | D:10     | Noticed Fannar
 16992 | D:10     | Noticed a two-headed ogre
 17118 | Lair:1   | Entered Level 1 of the Lair of Beasts
 17338 | Lair:1   | Noticed a six-headed hydra
 17349 | Lair:1   | Killed a six-headed hydra
 17349 | Lair:1   | Reached skill level 5 in Fighting
 17752 | Lair:1   | Reached skill level 11 in Dodging
 18517 | Lair:2   | Reached skill level 5 in Conjurations
 18657 | Lair:2   | Noticed an eight-headed hydra
 18667 | Lair:2   | Killed an eight-headed hydra
 18931 | Lair:2   | Noticed an eight-headed hydra
 18931 | Lair:2   | Noticed an oklob plant
 18931 | Lair:2   | Noticed an oklob plant
 19915 | Lair:2   | Killed an eight-headed hydra
 20405 | Lair:2   | Noticed a six-headed hydra
 20418 | Lair:2   | Killed a six-headed hydra
 20660 | Lair:2   | Reached XP level 12. HP: 63/63 MP: 21/27
 21299 | Lair:2   | Reached ***** piety under Vehumet
 21437 | Lair:2   | Learned a level 2 spell: Ensorcelled Hibernation
 21833 | Lair:3   | Offered knowledge of Force Lance by Vehumet.
 22340 | Lair:3   | Reached skill level 1 in Hexes
 23639 | Lair:4   | Found a staircase to the Snake Pit.
 24208 | Lair:4   | Found a staircase to the Swamp.
 26180 | Lair:5   | Reached skill level 5 in Hexes
 26500 | Lair:5   | Found a staircase to the Slime Pits.
 27754 | Lair:4   | Reached XP level 13. HP: 69/69 MP: 6/28
 29328 | Lair:6   | Entered Level 6 of the Lair of Beasts
 29451 | Lair:5   | Reached skill level 10 in Air Magic
 30262 | Lair:5   | Reached skill level 1 in Shields
 30330 | Lair:5   | Noticed a dire elephant
 31295 | Lair:6   | Reached skill level 12 in Dodging
 34588 | D:10     | Killed Fannar
 36575 | D:11     | Offered knowledge of Fireball by Vehumet.
 36599 | D:11     | Learned a level 5 spell: Fireball
 37023 | D:11     | Found a roughly hewn altar of Beogh.
 37621 | D:11     | Found a roughly hewn altar of Beogh.
 37653 | D:11     | Found a staircase to the Orcish Mines.
 37991 | D:11     | Reached skill level 1 in Fire Magic
 37991 | D:11     | Reached XP level 14. HP: 75/75 MP: 15/29
 38299 | D:11     | Reached skill level 13 in Dodging
 38785 | Orc:1    | Entered Level 1 of the Orcish Mines
 40776 | Orc:1    | Found Conleonk's Commerce Corner.
 40957 | Orc:2    | Entered Level 2 of the Orcish Mines
 41160 | Orc:2    | Found Diyshaz's Magic Scroll Shoppe.
 41168 | Orc:2    | Found Fuecuor's Armour Boutique.
 41317 | Orc:1    | Offered knowledge of Bolt of Cold by Vehumet.
 41751 | Orc:1    | Reached skill level 10 in Fighting
 43201 | Orc:1    | Reached skill level 14 in Dodging
 45527 | D:13     | Offered knowledge of Venom Bolt by Vehumet.
 46158 | D:13     | HP: 2/77 [hippogriff (6)]
 46171 | D:13     | HP: 3/77 [hippogriff (2)]
 46172 | D:13     | Slain by a hippogriff

Skill      XL: |  1  2  3  4  5  6  7  8  9 10 11 12 13 14 |
---------------+-------------------------------------------+-----
Air Magic      | 3 4 5 6 7 8 9 10 | 10.7
Conjurations   | 1 2 4 6 7 8 |  8.1
Spellcasting   | 3 4 5 6 7 8 9 10 11 | 11.0
Stealth        | 4 5 7 |  7.1
Dodging        | 4 7 9 10 11 12 14 | 14.5
Necromancy     | 1 2 |  2.6
Fighting       | 1 3 4 7 8 9 10 | 10.5
Poison Magic   | 4 |  4.1
Hexes          | 5 6 |  6.0
Shields        | 3 |  3.4
Fire Magic     | 1 4 |  4.4

Action                   |  1- 3 |  4- 6 |  7- 9 | 10-12 | 13-15 || total
-------------------------+-------+-------+-------+-------+-------++-------
Melee: Short sword       |     3 |       |       |       |       ||     3
       Dagger            |     8 |     2 |     6 |    33 |   122 ||   171
 Fire: Blowgun           |       |     3 |       |       |       ||     3
       Hunting sling     |       |       |       |     5 |       ||     5
 Cast: Shock             |   101 |   204 |   229 |   638 |   897 ||  2069
       Airstrike         |       |     2 |    60 |   271 |   316 ||   649
       Animate Skeleton  |       |     4 |    11 |    33 |    11 ||    59
       Mephitic Cloud    |       |       |     2 |    25 |    78 ||   105
       Lightning Bolt    |       |       |       |    11 |    28 ||    39
       Ignite Poison     |       |       |       |     2 |     5 ||     7
       Conjure Flame     |       |       |       |    10 |    18 ||    28
       Fireball          |       |       |       |       |     9 ||     9
       Ensorcelled Hiber |       |       |       |       |     1 ||     1
Evoke: Wand              |       |       |       |     1 |       ||     1
  Use: Scroll            |       |    10 |     1 |     9 |     8 ||    28
 Stab: Sleeping          |     1 |     2 |     5 |     2 |     1 ||    11
       Confused          |       |       |       |     3 |     5 ||     8
  Eat: Bread ration      |       |     1 |     1 |     3 |     4 ||     9
       Royal jelly       |       |       |     1 |     1 |     1 ||     3
       Fruit             |       |       |       |     4 |     7 ||    11
Armor: Robe              |       |     1 |       |       |       ||     1
       Troll leather arm |       |       |       |     4 |    11 ||    15
       Acid dragon scale |       |       |       |       |    16 ||    16
Dodge: Dodged            |    27 |    14 |    55 |    85 |   278 ||   459
Block: Buckler           |       |       |       |       |    96 ||    96
